 Seeded DCSS version 0.30.1-4-g462c640d31 (webtiles) character file.

Game seed: 6351066067085065685 (custom seed)

2065 Esekla the Reanimator (level 9, -2/45 HPs)
             Began as a Deep Elf Necromancer on Aug 27, 2023.
             Was a Believer of Vehumet.
             Slain by a gnoll
             ... wielding a +0 club
             ... led by a gnoll sergeant
              (6 damage)
             ... on level 7 of the Dungeon on Aug 28, 2023.
             The game lasted 00:38:48 (5690 turns).

Esekla the Reanimator (Deep Elf Necromancer)        Turns: 5690, Time: 00:38:49

Health: -2/45      AC:  5    Str:  5    XL:     9   Next: 5%
Magic:  14/23      EV: 14    Int: 25    God:    Vehumet [**....]
Gold:   361        SH:  0    Dex: 15    Spells: 12/25 levels left

rFire   . . .        a - +2 dagger (vamp)
rCold   . . .        (no shield)
rNeg    . . .        k - +0 robe
rPois   .            i - +0 helmet
rElec   .            E - +0 cloak
rCorr   .            G - +0 pair of gloves
SInv    .            (no boots)
Will    .....        z - amulet of magic regeneration
Stlth   +++          (no ring)
HPRegen 0.27/turn    (no ring)
MPRegen 0.58/turn

%: no passive effects
@: lethally poisoned (-2 -> -12)
A: no striking features
a: Renounce Religion


You were on level 7 of the Dungeon.
You worshipped Vehumet.
Vehumet was pleased with you.
You visited 1 branch of the dungeon, and saw 8 of its levels.

You collected 361 gold pieces.

Inventory:

Hand Weapons
 a - a +2 vampiric dagger (weapon)
 c - a +0 scimitar
 r - a +0 spear
 s - the +5 rapier of the Hero {heavy, rN+ Dex+3}
   (You found it on level 3 of the Dungeon)

   Dex:       It affects your dexterity (+3).
   rN:        It protects you from negative energy.
Missiles
 v - 14 poisoned darts (quivered)
Armour
 i - a +0 helmet (worn)
 k - a +0 robe (worn)
 E - a +0 cloak (worn)
 G - a +0 pair of gloves (worn)
Jewellery
 z - an amulet of magic regeneration (around neck)
Wands
 g - a wand of roots (22)
 C - a wand of flame (12)
Scrolls
 m - a scroll of enchant armour {unknown}
 n - 2 scrolls of amnesia
 o - a scroll of immolation {unknown}
 p - 2 scrolls of blinking
 u - 2 scrolls of fog
 w - 3 scrolls of enchant weapon
 x - a scroll of silence {unknown}
 B - a scroll of magic mapping {unknown}
 D - 2 scrolls of fear
 F - a scroll of teleportation {unknown}
Potions
 b - a potion of magic
 d - 3 potions of ambrosia {unknown}
 e - a potion of haste {unknown}
 h - 6 potions of curing {unknown}
 j - a potion of mutation {unknown}
 l - 3 potions of attraction
 q - 3 potions of brilliance
 t - 2 potions of heal wounds
 A - a potion of lignification {unknown}


   Skills:
 + Level 3.6 Short Blades
 + Level 0.6 Throwing
 * Level 5.8 Dodging
 + Level 4.5 Stealth
 * Level 8.5 Spellcasting
 * Level 8.9 Necromancy
 * Level 4.6 Translocations


You had 12 spell levels left.
You knew the following spells:

 Your Spells              Type           Power      Damage    Failure   Level
a - Necrotise             Necr           100%       1d9       1%          1
b - Freeze                Ice            40%        1d6       6%          1
c - Momentum Strike       Conj/Tloc      44%        3d9       3%          2
d - Vampiric Draining     Necr           53%        2d9       1%          3
n - Ignite Poison         Fire/Tmut/Pois 10%        N/A       17%         3
t - Teleport Other        Tloc           33%        N/A       2%          3

Your spell library contained the following spells:

 Spells                   Type           Power      Damage    Failure   Level
 Lesser Beckoning         Tloc           66%        N/A       1%          2
 Animate Dead             Necr           53%        N/A       1%          4
 Gell's Gravitas          Tloc           33%        N/A       2%          3
 Agony                    Necr           53%        N/A       4%          5
 Spider Form              Tmut/Pois      10%        N/A       17%         3
 Cause Fear               Hex            5%         N/A       50%         4
 Summon Mana Viper        Hex/Summ       10%        N/A       85%         5


Dungeon Overview and Level Annotations

Branches:
Dungeon (8/15)             Temple (0/1) D:6
   Lair: D:8-11

Altars:
Dithmenos
Fedhas
Hepliaklqana
Okawaru
Qazlal
Trog
Vehumet
Zin
The Shining One

Shops:
D:2 =   D:4 (


Message History

Confirm with . or Enter, or press ? or * to list all spells.
Aiming: Vampiric Draining (safe; 1% risk of failure)
Press: ? - help, Shift-Dir - straight line, f/p - gnoll sergeant
Aim: a gnoll sergeant, wielding a +4 trident of venom, wearing a +0 ring mail and wearing a +0 buckler You draw life force from the gnoll sergeant.
You feel life coursing into your body.
You kill the gnoll!
Vehumet accepts your kill.
You feel your power returning.
The gnoll sergeant hits you with a +4 trident of venom.
The gnoll barely misses you.
Casting: Vampiric Draining (safe; 1% risk of failure)
Confirm with . or Enter, or press ? or * to list all spells.
Aiming: Vampiric Draining (safe; 1% risk of failure)
Press: ? - help, Shift-Dir - straight line, f/p - gnoll sergeant
Aim: a gnoll sergeant, wielding a +4 trident of venom, wearing a +0 ring mail and wearing a +0 buckler (lightly wounded)
You draw life force from the gnoll sergeant!
You feel life coursing into your body. The gnoll sergeant barely misses you.
The gnoll hits you with a +0 club.
Casting: Vampiric Draining (safe; 1% risk of failure)
Confirm with . or Enter, or press ? or * to list all spells.
Aiming: Vampiric Draining (safe; 1% risk of failure)
Press: ? - help, Shift-Dir - straight line, f/p - gnoll sergeant
Aim: a gnoll sergeant, wielding a +4 trident of venom, wearing a +0 ring mail and wearing a +0 buckler (heavily wounded)
You draw life force from the gnoll sergeant!
You feel life coursing into your body. The gnoll hits you with a +0 club!
The gnoll sergeant hits you with a +4 trident of venom!
You are poisoned.
Casting: Vampiric Draining (safe; 1% risk of failure)
Confirm with . or Enter, or press ? or * to list all spells.
Aiming: Vampiric Draining (safe; 1% risk of failure)
Press: ? - help, Shift-Dir - straight line, f/p - gnoll sergeant
Aim: a gnoll sergeant, wielding a +4 trident of venom, wearing a +0 ring mail and wearing a +0 buckler (severely wounded)
You draw life force from the gnoll sergeant.
You feel life coursing into your body.
You feel very sick.
The gnoll sergeant hits you with a +4 trident of venom!
* * * LOW HITPOINT WARNING * * *
The gnoll hits you with a +0 club.
You die...

##########################
.......................)>#
####'##########........#.#
##.....................#.#
.'....g...####.........#.#
##.....g...#(..........#.#
########..#.#(........#.#
#....(.#)g@......#.#
#.#..#...g.......#.# #####
#....#.#..(......#.# ....#
######.#.........#.# ###.#
#..^...#'#####+###.#
#.####.........# #.#
#.......### #.# #.......#
##.# #....รท..# #..#


You could see a gnoll sergeant and a gnoll.

Vanquished Creatures
  Pikel (D:6)
  An ice beast (D:6)
  A sky beast (D:6)
  2 black bears
  An ogre (D:5)
  A phantom (D:7)
  Blork the orc (D:6)
  A kobold brigand (D:6)
  A bullfrog (D:7)
  2 scorpions (D:5)
  A gnoll bouda (D:4)
  5 hounds
  A jelly (D:6)
  Crazy Yiuf (D:7)
  A sleepcap (D:5)
  5 iguanas
  An orc wizard (D:8)
  13 gnolls
  9 adders
  3 white imps
  An ufetubus (D:5)
  A worm (D:3)
  3 dart slugs
  14 orcs
  4 endoplasms
  8 goblins
  5 hobgoblins
  A quokka (D:1)
  6 ball pythons
  4 bats
  4 frilled lizards
  12 kobolds
  A rat (D:2)
116 creatures vanquished.

Notes
Turn   | Place    | Note
-------+----------+-------------------------------------------
     0 | D:1      | Esekla the Deep Elf Necromancer began the quest for the
                  | Orb.
     0 | D:1      | Reached XP level 1. HP: 10/10 MP: 6/6
   261 | D:2      | Found Renulab's Jewellery Shop.
   587 | D:4      | Found a radiant altar of Vehumet.
   599 | D:4      | Found an iron altar of Okawaru.
   612 | D:4      | Found a glowing silver altar of Zin.
   706 | D:4      | Became a worshipper of Vehumet
   760 | D:4      | Reached skill level 5 in Necromancy
   911 | D:3      | Reached XP level 2. HP: 13/15 MP: 8/8
  1152 | D:3      | Identified the +5 rapier of the Hero {heavy, rN+ Dex+3}
  1359 | D:1      | Reached XP level 3. HP: 19/19 MP: 9/9
  1363 | D:1      | Learned a level 3 spell: Vampiric Draining
  1496 | D:1      | Reached * piety under Vehumet
  1496 | D:1      | Offered knowledge of Freeze by Vehumet.
  1515 | D:1      | Learned a level 1 spell: Freeze
  1519 | D:1      | Learned a level 3 spell: Teleport Other
  1680 | D:3      | Reached skill level 1 in Short Blades
  1716 | D:3      | Reached XP level 4. HP: 15/24 MP: 3/11
  1863 | D:2      | Found a faded altar of an unknown god.
  1895 | D:2      | Noticed a black bear
  1993 | D:3      | Found a stormy altar of Qazlal.
  2023 | D:3      | Found a hazy altar of Hepliaklqana.
  2025 | D:3      | Found a bloodstained altar of Trog.
  2041 | D:3      | Reached skill level 1 in Translocations
  2041 | D:3      | Reached XP level 5. HP: 28/28 MP: 8/12
  2339 | D:2      | Killed a black bear
  2522 | D:4      | Found a glowing golden altar of the Shining One.
  2601 | D:5      | Entered Level 5 of the Dungeon
  2617 | D:4      | Found Ponaysk's Antique Weapon Boutique.
  2830 | D:4      | Reached XP level 6. HP: 24/32 MP: 8/14
  3475 | D:5      | Found a shadowy altar of Dithmenos.
  3540 | D:5      | Got the Parchment of the Lumpy Olives
  3632 | D:5      | Reached ** piety under Vehumet
  3632 | D:5      | Offered knowledge of Momentum Strike by Vehumet.
  3777 | D:6      | Noticed an ice beast
  3792 | D:6      | Killed an ice beast
  3793 | D:6      | Reached skill level 5 in Spellcasting
  3793 | D:6      | Reached XP level 7. HP: 32/36 MP: 5/16
  3934 | D:6      | Noticed Pikel
  3945 | D:6      | Killed Pikel
  3946 | D:6      | Reached XP level 8. HP: 38/41 MP: 7/20
  3956 | D:6      | Found a staircase to the Ecumenical Temple.
  4000 | D:7      | Found a runed translucent door.
  4001 | D:7      | Noticed Crazy Yiuf
  4007 | D:7      | Killed Crazy Yiuf
  4204 | D:6      | Noticed Blork the orc
  4301 | D:5      | You fall into a shaft and drop 2 floors!
  4326 | D:7      | Reached skill level 5 in Dodging
  4441 | D:6      | Learned a level 2 spell: Momentum Strike
  4573 | D:6      | Killed Blork the orc
  4972 | D:5      | Offered knowledge of Ignite Poison by Vehumet.
  4977 | D:5      | Learned a level 3 spell: Ignite Poison
  5284 | D:6      | Found a blossoming altar of Fedhas.
  5315 | D:6      | Reached XP level 9. HP: 38/45 MP: 20/23
  5690 | D:7      | Slain by a gnoll

Illustrated notes

Levels and vault maps discovered:
D:1:      sevenhm_arrival_forest_fort_small_3, layout_rooms,
          chequers_serial_rivers_room_b, minmay_misc_feat_five
D:2:      layout_loops_ring, dreamdust_ecumenical_altar_angels_and_demons,
          serial_shops, shop
D:3:      layout_basic, grunt_temple_overflow_open, minmay_misc_feat_iff
D:4:      layout_basic, nicolae_overflow_quartered_altars, serial_shops,
          nicolae_diamond_shop
D:5:      layout_loops_ring, lemuel_doored_altar, minmay_misc_feat_rows,
          dreamdust_wishing_well
D:6:      layout_loops_cross, fedhas_altar_fruit_tree,
          minmay_temple_entry_glass, uniq_pikel, uniq_blork_the_orc
D:7:      layout_basic, uniq_menkaure, uniq_joseph, uniq_crazy_yiuf_cottage
D:8:      layout_basic, nicolae_uskayaw_dance_hall, serial_demonic,
          serial_demonic_d, serial_demonic_a, serial_demonic_c,
          serial_demonic_c, nicolae_diode_quadrants

Skill      XL: |  1  2  3  4  5  6  7  8 |
---------------+-------------------------+-----
Necromancy     | 5 6 7 8 |  8.9
Dodging        | 3 4 5 |  5.8
Short Blades   | 1 2 3 |  3.6
Stealth        | 3 4 |  4.5
Translocations | 1 2 3 4 |  4.6
Spellcasting   | 4 5 6 8 |  8.5
Throwing       | |  0.6

Action                     |  1- 3 |  4- 6 |  7- 9 || total
---------------------------+-------+-------+-------++-------
  Melee: Short sword       |   104 |    50 |       ||   154
         Unarmed           |     9 |       |       ||     9
         Punch             |     3 |     1 |     2 ||     6
         Dagger            |       |    54 |   157 ||   211
         Rapier            |       |     1 |    26 ||    27
  Throw: Dart              |       |    12 |    15 ||    27
   Cast: Vampiric Draining |     4 |    30 |    37 ||    71
  Evoke: Wand              |       |     1 |     2 ||     3
    Use: Scroll            |     1 |       |     8 ||     9
   Stab: Sleeping          |     5 |     7 |     4 ||    16
         Distracted        |       |     1 |       ||     1
 Armour: Robe              |    38 |    20 |    41 ||    99
  Dodge: Dodged            |    57 |    68 |   145 ||   270
